 Dungeon Crawl Stone Soup version 0.26-a0-21-gf97e55dc39 (webtiles) character file.

Game seed: 6267190152641542380, levelgen mode: deterministic

136 tilp the Bolt Thrower (level 5, -16/33 HPs)
             Began as a Kobold Arcane Marksman on May 26, 2020.
             Demolished by an ogre
             ... wielding a +0 giant club
              (21 damage)
             ... on level 3 of the Dungeon.
             The game lasted 00:05:30 (3499 turns).

tilp the Bolt Thrower (Kobold Arcane Marksman)      Turns: 3499, Time: 00:05:31

Health: -16/33     AC:  5    Str:  8    XL:     5   Next: 43%
Magic:  6/6        EV: 13    Int: 14    God:
Gold:   130        SH:  0    Dex: 16    Spells: 5/6 levels left

rFire    + . .     SeeInvis .   a - +0 hand crossbow
rCold    + . .     Gourm    .   (shield restricted)
rNeg     . . .     Faith    .   r - +0 ring mail
rPois    .         Spirit   .   (no helmet)
rElec    .         Reflect  .   s - scarf {rC+ rF+}
rCorr    .         Harm     .   (no gloves)
MR       .....                  (no boots)
Stlth    +.........             (no amulet)
HPRegen  0.11/turn              (no ring)
MPRegen  0.10/turn              (no ring)

@: no status effects
A: small, carnivore
a: no special abilities


You were on level 3 of the Dungeon.
You were completely stuffed.

You visited 1 branch of the dungeon, and saw 3 of its levels.

You collected 130 gold pieces.

Inventory:

Hand Weapons
 a - a +0 hand crossbow (weapon)
 b - a +0 short sword
 m - a +0 whip
Missiles
 d - 72 bolts (quivered)
Armour
 e - a +0 chain mail
 r - a +0 ring mail (worn)
 s - a scarf of resistance (worn)
Scrolls
 f - a scroll of blinking
 g - 2 scrolls of teleportation
 h - 3 scrolls of amnesia {unknown}
 i - a scroll of fear
 j - 2 scrolls of immolation {unknown}
 k - 2 scrolls of remove curse
 l - 9 scrolls of identify
 n - a scroll of magic mapping {unknown}
 p - a scroll of noise {unknown}
 t - a scroll of enchant weapon {unknown}
Potions
 q - a potion of might
Comestibles
 c - 2 rations
 o - 5 chunks of flesh


   Skills:
 - Level 4.0 Fighting
 + Level 4.5 Crossbows
 - Level 2.4 Dodging
 - Level 1.1 Spellcasting
 - Level 3.0 Hexes


You had 5 spell levels left.
You knew the following spells:

 Your Spells              Type           Power        Failure   Level  Hunger
a - Corona                Hex            #......      24%         1    ##.....

Your spell library contained the following spells:

 Spells                   Type           Power        Failure   Level  Hunger
 Slow                     Hex            #.......     34%         2    ###....
 Inner Flame              Hex/Fire       #.......     78%         3    ####...
 Portal Projectile        Hex/Tloc       #.....       78%         3    ####...
 Cause Fear               Hex            #.........   93%         4    #####..
 Leda's Liquefaction      Hex/Erth       #.........   99%         4    #####..


Dungeon Overview and Level Annotations

Branches:
Dungeon (3/15)

Altars:
Cheibriados
Elyvilon
Gozag
Nemelex Xobeh
Uskayaw
Wu Jian
The Shining One


Innate Abilities, Weirdness & Mutations

You are small and have problems with some larger weapons.
You are carnivorous and can eat meat at any time.


Message History

Aim: an ogre, wielding a +0 giant club (moderately wounded)
You shoot a bolt. The bolt hits the ogre!
The ogre is severely wounded.
The ogre hits you with a +0 giant club!!
Ouch! That really hurt!
* * * LOW HITPOINT WARNING * * *
Firing (i - inventory)
d - 74 bolts (quivered)
Press: ? - help, Shift-Dir - straight line, f/p - ogre
Aim: an ogre, wielding a +0 giant club (severely wounded)
You shoot a bolt. The bolt hits the ogre.
The ogre is almost dead.
The ogre barely misses you.
Firing (i - inventory)
d - 73 bolts (quivered)
Press: ? - help, Shift-Dir - straight line, f/p - ogre
Aim: an ogre, wielding a +0 giant club (almost dead)
You shoot a bolt. The bolt hits the ogre.
The ogre is almost dead.
The ogre hits you with a +0 giant club!!
Ouch! That really hurt!
You die...

####......# .##
#....... ######.#
(( ########
#######.# (#
#.....#.#####.#
#.....#.....((#
#####...........(##
...##.....####.#)#
...##...รท.####.#O#
...............#@#
#.>.....########.#
######### #!. ####


You could see an ogre.

Vanquished Creatures
  5 adders
  3 worms
  2 dart slugs
  3 leopard geckos
  5 orcs (D:3)
  2 giant cockroaches (D:3)
  10 goblins
  6 hobgoblins
  5 kobolds
  3 quokkas (D:2)
  A ball python (D:3)
  13 bats
  5 frilled lizards
  8 rats
71 creatures vanquished.

Notes
Turn   | Place    | Note
-------+----------+-------------------------------------------
     0 | D:1      | tilp the Kobold Arcane Marksman began the quest for the
                  | Orb.
     0 | D:1      | Reached XP level 1. HP: 12/12 MP: 2/2
   259 | D:1      | Reached XP level 2. HP: 17/17 MP: 3/3
  1326 | D:2      | Reached XP level 3. HP: 23/23 MP: 4/4
  1655 | D:2      | HP: 1/24 [poisoned by an adder]
  2080 | D:2      | Reached XP level 4. HP: 29/29 MP: 5/5
  2747 | D:3      | Found a snail-covered altar of Cheibriados.
  2760 | D:3      | Found a glowing golden altar of the Shining One.
  2827 | D:3      | Found an ornate altar of the Wu Jian Council.
  2827 | D:3      | Found a white marble altar of Elyvilon.
  2827 | D:3      | Found a hide-covered altar of Uskayaw.
  2829 | D:3      | Found a sparkling altar of Nemelex Xobeh.
  2832 | D:3      | Found an opulent altar of Gozag.
  3224 | D:3      | Reached XP level 5. HP: 33/33 MP: 6/6
  3492 | D:3      | Noticed an ogre
  3499 | D:3      | Demolished by an ogre

Illustrated notes

Levels and vault maps discovered:
D:1:      elethiomel_arrival_quiet, layout_basic
D:2:      layout_loops_cross, minmay_tripent
D:3:      layout_loops_ring, minitemple, minmay_ogre_servants

Skill      XL: |  1  2  3  4  5 |
---------------+----------------+-----
Fighting       | 2 3 4 |  4.0
Crossbows      | 3 4 |  4.5
Dodging        | |  2.4
Spellcasting   | |  1.1
Hexes          | |  3.0

Action                   |  1- 3 |  4- 6 || total
-------------------------+-------+-------++-------
Melee: Short sword       |    40 |    61 ||   101
       Whip              |    13 |       ||    13
 Fire: Hand crossbow     |    40 |    77 ||   117
 Cast: Corona            |    11 |     1 ||    12
  Use: Scroll            |     5 |       ||     5
       Potion            |     1 |       ||     1
 Stab: Sleeping          |     4 |       ||     4
       Distracted        |     1 |       ||     1
  Eat: Chunk             |    12 |     5 ||    17
Armor: Robe              |    13 |     3 ||    16
       Ring mail         |       |    16 ||    16
Dodge: Dodged            |    53 |    84 ||   137

Table legend:
 A = Non-vault XP
 B = Vault XP
 C = Vault XP percentage of total XP
 D = Non-vault monster count
 E = Vault monster count
 F = Vault count percentage of total count
                 A         B        C        D         E       F
            +---------+---------+-------+---------+---------+-------
      Total |     185 |      10 |   5.1 |      65 |       6 |   8.5
            +---------+---------+-------+---------+---------+-------
        D:1 |      27 |       0 |   0.0 |      16 |       0 |   0.0
        D:2 |      61 |       2 |   3.2 |      21 |       2 |   8.7
        D:3 |      97 |       8 |   7.6 |      28 |       4 |  12.5
            +---------+---------+-------+---------+---------+-------
